Map: Eternal Empire LE

Players

PiLiPiLi - Winner!

  • Race: Protoss Protoss
  • League: Grandmaster
  • Spawn Location: 1:00

Asuna

  • Race: Protoss Protoss
  • League: Master
  • Spawn Location: 7:00

Event: DreamHack SC2 Masters 2020 Fall

VOD

Have the link to the VOD?

Description

Time

  • Played on: Sept. 2, 2020, 5:23 p.m.
  • Length: 13:09

All games in this series

Show
View Real Time Build Order
Export as new Build Order

PiLiPiLi Protoss - Winner!

Build Orders:  

Get SALT Encoding   

  12  0:00  Probe  
  13  0:12  Probe  
  14  0:17  Pylon  
  14  0:24  Probe  
  15  0:35  Gateway  
  15  0:38  Probe (Chrono Boost)  
  16  0:46  Probe (Chrono Boost)  
  16  0:49  Assimilator  
  17  0:52  Probe  
  17  0:56  Assimilator  
  18  1:04  Probe  
  18  1:10  Gateway  
  19  1:16  Probe (Chrono Boost)  
  20  1:28  Probe (Chrono Boost), Cybernetics Core  
  21  1:34  Probe (Chrono Boost)  
  22  1:44  Probe  
  23  1:59  Pylon  
  23  2:05  Warp Gate (Chrono Boost)  
  23  2:09  Nexus  
  23  2:17  Stalker  
  25  2:23  Stalker  
  27  2:31  Pylon  
  27  2:36  Probe  
  27  2:47  Stalker  
  27  2:49  Probe  
  30  2:56  Shield Battery  
  30  2:58  Shield Battery  
  30  3:03  Probe  
  31  3:10  Stalker  
  33  3:17  Sentry  
  35  3:24  Robotics Facility  
  35  3:30  Probe  
  35  3:31  Probe  
  36  3:43  Probe x2  
  38  3:50  Sentry  
  38  3:55  Probe x2  
  42  4:06  Stalker  
  42  4:07  Pylon, Probe  
  42  4:08  Probe  
  46  4:11  Observer (Chrono Boost)  
  46  4:16  Stalker  
  49  4:19  Probe  
  49  4:23  Probe  
  51  4:24  Observer (Chrono Boost)  
  51  4:27  Pylon  
  51  4:31  Shield Battery, Probe  
  53  4:38  Twilight Council  
  53  4:40  Stalker  
  57  4:49  Shield Battery  
  57  4:52  Shield Battery  
  55  4:54  Shield Battery  
  55  4:59  Immortal (Chrono Boost)  
  59  5:13  Zealot x2  
  58  5:31  Immortal (Chrono Boost)  
  58  5:33  Adept  
  58  5:34  Adept  
  48  5:56  Zealot  
  48  5:57  Zealot  
  48  6:01  Immortal (Chrono Boost)  
  40  6:17  Stalker  
  40  6:18  Stalker  
  40  6:35  Adept x2  
  44  6:40  Warp Prism (Chrono Boost)  
  44  6:45  Probe x2  
  46  6:58  Sentry  
  46  6:59  Adept  
  48  7:09  Observer  
  48  7:16  Probe  
  48  7:17  Probe  
  48  7:18  Immortal  
  54  7:23  Sentry  
  54  7:27  Adept  
  58  7:40  Probe x2  
  58  7:44  Blink (Chrono Boost)  
  50  8:00  Zealot x2  
  50  8:02  Probe x2  
  56  8:10  Immortal (Chrono Boost)  
  60  8:23  Stalker  
  60  8:26  Stalker  
  64  8:31  Pylon  
  45  8:59  Stalker x2  
  47  9:12  Warp Prism (Chrono Boost)  
  47  9:15  Probe  
  50  9:21  Gateway x2  
  50  9:22  Assimilator  
  50  9:23  Stalker  
  50  9:24  Stalker  
  55  9:31  Probe x2  
  56  9:48  Stalker x2  
  60  9:53  Dark Shrine  
  60  10:02  Assimilator, Gateway, Probe x2  
  62  10:12  Stalker  
  64  10:15  Stalker  
  66  10:39  Stalker x3  
  66  10:40  Stalker  
  74  10:45  Robotics Bay  
  74  10:47  Observer (Chrono Boost)  
  75  10:59  Probe x2  
  75  11:01  Forge  
  75  11:02  Observer (Chrono Boost), Pylon  
  70  11:23  Dark Templar  
  70  11:24  Dark Templar  
  62  11:30  Stalker x2  
  62  11:32  Stalker  
  68  11:35  Photon Cannon  
  66  11:48  Disruptor  
  67  11:55  Zealot x2  
  63  12:07  Zealot  
  59  12:11  Pylon  
  53  12:15  Dark Templar  
  53  12:24  Dark Templar  
  51  12:35  Adept x3  
  57  12:42  Archon  
  57  12:49  Zealot  
  59  12:56  Zealot x2  
  59  13:04  Stalker x2  
Show
View Real Time Build Order
Export as new Build Order

Asuna Protoss 

Build Orders: Zealot Archon, Dark Templar Rush 

Get SALT Encoding   

  12  0:00  Probe  
  13  0:12  Probe  
  14  0:17  Pylon  
  14  0:25  Probe  
  15  0:37  Gateway, Probe (Chrono Boost)  
  16  0:47  Assimilator, Probe (Chrono Boost)  
  17  0:52  Probe (Chrono Boost)  
  17  0:55  Assimilator  
  18  1:04  Probe (Chrono Boost)  
  19  1:14  Probe (Chrono Boost)  
  19  1:17  Gateway  
  20  1:19  Probe (Chrono Boost)  
  21  1:26  Cybernetics Core  
  21  1:30  Probe  
  22  1:38  Pylon  
  22  1:42  Probe  
  23  1:58  Pylon  
  23  2:04  Stalker x2  
  23  2:07  Warp Gate  
  27  2:18  Twilight Council  
  27  2:30  Robotics Facility  
  27  2:36  Probe  
  28  2:40  Pylon  
  28  2:50  Shield Battery  
  28  2:55  Dark Shrine  
  28  3:07  Gateway  
  28  3:22  Immortal (Chrono Boost)  
  28  3:25  Charge (Chrono Boost)  
  32  3:41  Pylon  
  32  3:56  Immortal  
  36  4:06  Gateway  
  36  4:16  Zealot  
  38  4:19  Zealot  
  40  4:27  Zealot  
  42  4:40  Dark Templar  
  42  4:42  Dark Templar  
  46  4:49  Zealot  
  48  4:54  Archon  
  48  5:01  Zealot  
  50  5:10  Zealot  
  52  5:21  Zealot x2  
  54  5:26  Zealot  
  54  5:40  Zealot  
  48  5:44  Zealot x2  
  46  5:51  Zealot  
  44  6:03  Zealot  
  38  6:12  Zealot x2  
  34  6:20  Zealot  
  34  6:36  Dark Templar x2  
  38  6:48  Dark Templar  
  38  6:49  Dark Templar  
  42  6:55  Archon x2  
  42  7:17  Nexus  
  42  7:20  Probe  
  43  7:23  Sentry  
  43  7:26  Sentry  
  47  7:32  Probe  
  48  7:44  Observer (Chrono Boost), Probe  
  49  7:47  Pylon  
  50  7:58  Zealot x2  
  54  7:59  Probe  
  55  8:06  Dark Templar  
  57  8:14  Dark Templar  
  59  8:23  Dark Templar  
  61  8:27  Probe  
  52  8:50  Dark Templar  
  52  8:51  Zealot x2  
  44  9:08  Probe  
  39  9:14  Zealot, Dark Templar  
  39  9:15  Zealot  
  39  9:16  Probe (Chrono Boost)  
  43  9:22  Probe (Chrono Boost)  
  44  9:28  Archon, Probe (Chrono Boost)  
  44  9:29  Sentry  
  47  9:32  Probe (Chrono Boost)  
  47  9:37  Zealot x2  
  52  9:45  Gateway  
  52  9:55  Zealot  
  52  9:56  Zealot  
  52  9:58  Pylon  
  56  10:08  Immortal (Chrono Boost)  
  56  10:10  Probe  
  56  10:12  Probe  
  62  10:22  Probe  
  62  10:24  Probe  
  64  10:31  Assimilator  
  64  10:34  Probe  
  63  10:42  Immortal (Chrono Boost)  
  61  10:44  Gateway  
  61  10:49  Assimilator, Pylon  
  65  10:53  Sentry x2  
  69  11:00  Zealot x2  
  69  11:03  Zealot  
  75  11:13  Observer  
  74  11:19  Zealot x2  
  76  11:26  Dark Templar  
  76  11:27  Dark Templar, Sentry  
  78  11:39  Zealot x2  
  57  12:00  Zealot x4  
  55  12:04  Observer (Chrono Boost)  
  42  12:18  Zealot x2  
  46  12:26  Zealot x2  
  50  12:36  Zealot x2  
  50  12:55  Zealot  

Tags
 
Add a new tag
Caveats
  • Supply blocks, unpowered buildings, or Contaminate may cause inaccurate times.
  • Supply counts are checked every 10 seconds.